 Dungeon Crawl Stone Soup version 0.29-a0-845-g6161e89988 (webtiles) character file.

Game seed: 17941329983787870723

1323 Mesmaeker13 the Insei (level 8, -4/48 HPs)
             Began as an Octopode Transmuter on July 15, 2022.
             Killed from afar by an orc wizard (6 damage)
             ... with a magic dart
             ... on level 6 of the Dungeon.
             The game lasted 00:10:14 (7589 turns).

Mesmaeker13 the Insei (Octopode Transmuter)         Turns: 7589, Time: 00:10:15

Health: -4/48      AC:  2    Str:  9    XL:     8   Next: 59%
Magic:  12/15      EV: 19    Int: 17    God:
Gold:   261        SH:  0    Dex: 18    Spells: 7/17 levels left

rFire   . . .      SeeInvis .     - Unarmed
rCold   . . .      Faith    .   (shield currently unavailable)
rNeg    . . .      Spirit   .   (helmet currently unavailable)
rPois   x          Reflect  .   (no amulet)
rElec   .          Harm     .   (no ring)
rCorr   .          Rampage  .   (no ring)
Will    .....                   (no ring)
Stlth   ++........              (no ring)
HPRegen 0.16/turn               (no ring)
MPRegen 0.14/turn               (no ring)
                                (no ring)
                                (no ring)

@: spider-form (expiring), wereblooded
A: venomous fangs, almost no armour, (amphibious), 8 rings, tiny, (camouflage
1), (gelatinous body 1), (nimble swimmer 1), (tentacles)
a: End Transformation


You were on level 6 of the Dungeon.
You were a venomous arachnid creature.
You visited 1 branch of the dungeon, and saw 6 of its levels.
You also visited: Sewer.

You collected 261 gold pieces.

Inventory:

Hand Weapons
 b - a +0 spear of electrocution
Missiles
 a - 4 poisoned darts (quivered)
Scrolls
 c - a scroll of vulnerability {unknown}
 e - 2 scrolls of amnesia
 f - 2 scrolls of poison {unknown}
 g - a scroll of teleportation
 h - 4 scrolls of enchant armour {unknown}
 k - 2 scrolls of silence {unknown}
 n - 2 scrolls of brand weapon
 p - 2 scrolls of torment {unknown}
 q - 2 scrolls of fear {unknown}
Potions
 d - 2 potions of curing
 i - a potion of cancellation {unknown}
 j - 2 potions of flight
 l - a potion of heal wounds
 m - a potion of magic
 o - a potion of brilliance {unknown}
 r - a potion of resistance {unknown}
 s - a potion of mutation {unknown}
 t - a potion of berserk rage {unknown}


   Skills:
 - Level 1.0 Fighting
 - Level 2.0 Dodging
 + Level 5.8 Unarmed Combat
 + Level 5.0 Spellcasting
 + Level 5.4 Transmutations
 + Level 1.9 Ice Magic
 + Level 5.2 Poison Magic


You had 7 spell levels left.
You knew the following spells:

 Your Spells              Type           Power      Damage    Failure   Level
a - Beastly Appendage     Tmut           44%        N/A       7%          1
b - Wereblood             Tmut           22%        N/A       9%          2
c - Spider Form           Tmut/Pois      22%        N/A       14%         3
d - Ice Form              Ice/Tmut       16%        N/A       52%         4

Your spell library contained the following spells:

 Spells                   Type           Power      Damage    Failure   Level


Dungeon Overview and Level Annotations

Branches:
Dungeon (6/15)              Sewer (visited)
 Temple: D:4-7

Altars:
Elyvilon
Makhleb
Okawaru
Trog
Zin

Shops:
D:6 (

Annotations:
D:4 3 exclusions


Innate Abilities, Weirdness & Mutations

You are a venomous arachnid creature.
You have poisonous fangs.
You are tiny and dextrous.
Your spellcasting is less reliable in this form.
Your armour is entirely melded.
You are incapable of wielding weapons or throwing items.
You cannot wear most types of armour.
((You are amphibious.))
You can wear up to eight rings at the same time.
((Your skin changes colour to match your surroundings (Stealth+).))
((Your rubbery body absorbs attacks. (AC +1, EV +1)))
((You are camouflaged when in or above water. (Stealth+)))
((You have tentacles for arms and can constrict up to eight enemies at once.))


Message History

You hit the orc priest but do no damage.
The orc priest looks as sick as possible!
The orc priest is severely wounded.
The orc priest calls down the wrath of Beogh upon you.
Beogh smites you!
You hear a shout!
You hit the orc priest.
The orc priest is almost dead.
You feel a bit better.
You kill the orc priest!
The orc wizard hits you with a +0 dagger.
You barely miss the orc wizard. The orc wizard closely misses you.
You hit the orc wizard.
The orc wizard is poisoned.
The orc wizard is lightly wounded.
You hiss as the wereblood boils in your veins!
The orc wizard points at you and mumbles some strange words.
The puff of flame hits you!
* * * LOW HITPOINT WARNING * * *
You closely miss the orc wizard.
The orc wizard is moderately wounded.
You hear a shout!
You hit the orc but do no damage.
You hiss as the wereblood boils in your veins!
The orc wizard closely misses you. The orc hits you with a +0 whip.
* * * LOW HITPOINT WARNING * * *
You closely miss the orc wizard.
The orc wizard is moderately wounded.
The orc wizard barely misses you. The orc completely misses you.
You hit the orc wizard.
The orc wizard is heavily wounded.
Your transformation is almost over.
The orc wizard misses you. The orc hits you with a +0 whip.
* * * LOW HITPOINT WARNING * * *
The orc attacks as you move away! The orc completely misses you.
The orc wizard attacks as you move away!
The orc wizard hits you with a +0 dagger.
* * * LOW HITPOINT WARNING * * *
The orc wizard gestures at you while chanting.
The magic dart hits you.
You die...

(............##
..########.#..##
#........#...#
.§§§o..#.########..##
≈(§.§.. #..## §.§o.#.
#.[.# (≈.... #.###
)≈....#.########.#
≈§....#..[..s.o#.#
.......########o#.#
........oo........#
.........##########
##....#### .....$
..... ..>.. ####


You could see an orc wizard (very poisoned) and an orc.

Vanquished Creatures
  Menkaure (D:5)
  An orc warrior (D:5)
  A black bear (D:4)
  2 ogres (D:5)
  A phantom (D:5)
  A kobold brigand (Sewer)
  A scorpion (D:5)
  2 howler monkeys
  4 orc priests
  Crazy Yiuf (D:4)
  A gnoll bouda (D:5)
  3 hounds
  An iguana (D:6)
  An orc wizard (D:5)
  6 gnolls
  4 adders
  A river rat (Sewer)
  A white imp (D:5)
  An ufetubus (D:4)
  4 worms
  3 dart slugs
  13 orcs
  6 bats
  9 endoplasms
  8 giant cockroaches
  A goblin (D:1)
  5 hobgoblins
  2 jackals (Sewer)
  10 kobolds
  11 quokkas
  9 ball pythons
  4 frilled lizards
  6 rats
125 creatures vanquished.

Notes
Turn   | Place    | Note
-------+----------+-------------------------------------------
     0 | D:1      | Mesmaeker13 the Octopode Transmuter began the quest for the
                  | Orb.
     0 | D:1      | Reached XP level 1. HP: 13/13 MP: 3/3
    79 | D:1      | Found a faded altar of an unknown god.
   242 | D:1      | Reached XP level 2. HP: 6/18 MP: 3/5
  1053 | D:1      | Reached XP level 3. HP: 17/23 MP: 3/6
  1816 | D:1      | Learned a level 2 spell: Wereblood
  2435 | D:2      | Reached XP level 4. HP: 13/28 MP: 8/8
  2904 | D:3      | Learned a level 3 spell: Spider Form
  3913 | D:4      | Reached skill level 1 in Poison Magic
  3913 | D:4      | Found a white marble altar of Elyvilon.
  3952 | D:4      | Reached XP level 5. HP: 25/33 MP: 9/9
  3953 | D:4      | Found a glowing drain.
  3971 | Sewer    | Entered a sewer
  4034 | Sewer    | Noticed a kobold brigand
  4061 | Sewer    | Killed a kobold brigand
  4128 | Sewer    | Found a glowing silver altar of Zin.
  4226 | D:4      | Noticed an orc warrior
  4307 | D:4      | Reached XP level 6. HP: 21/38 MP: 9/11
  4448 | D:4      | Noticed a black bear
  4625 | D:5      | Entered Level 5 of the Dungeon
  5088 | D:5      | Noticed Menkaure
  5104 | D:5      | Killed Menkaure
  5105 | D:5      | Reached XP level 7. HP: 23/43 MP: 11/13
  5499 | D:5      | Reached skill level 5 in Unarmed Combat
  6113 | D:5      | Reached XP level 8. HP: 30/48 MP: 7/14
  6193 | D:5      | Learned a level 4 spell: Ice Form
  6343 | D:5      | Found a white marble altar of Elyvilon.
  6343 | D:5      | Found a glowing silver altar of Zin.
  6548 | D:4      | Reached skill level 5 in Transmutations
  6620 | D:4      | Found a runed translucent door.
  6621 | D:4      | Noticed Crazy Yiuf
  6633 | D:4      | Killed Crazy Yiuf
  6802 | D:4      | Found a bloodstained altar of Trog.
  6805 | D:4      | Found an iron altar of Okawaru.
  6999 | D:5      | Reached skill level 1 in Ice Magic
  7216 | D:6      | Found a burning altar of Makhleb.
  7217 | D:6      | Found Tiazomme's Antique Weapon Shoppe.
  7225 | D:6      | Reached skill level 5 in Poison Magic
  7566 | D:6      | Reached skill level 5 in Spellcasting
  7589 | D:6      | HP: 2/48 [orc wizard/+0 dagger (3)]
  7589 | D:6      | Killed from afar by an orc wizard

Illustrated notes

Levels and vault maps discovered:
D:1:      heliophobic_arrival_dark_side_of_the_moon, layout_loops_corners,
          ebering_ecumenical_altar_sacrificial
D:2:      layout_rooms
D:3:      layout_basic, kennysheep_potato
D:4:      layout_basic, grunt_temple_overflow_bloody_war, gup_sewer_entry_pipe,
          minmay_ruined_shrine, uniq_crazy_yiuf_cottage
D:5:      layout_loops_ring, gammafunk_temple_overflow_elements,
          guppyfry_early_orc_mine, uniq_menkaure
D:6:      layout_cave_pools, makhleb_heckhound_becter,
          mainiacjoe_overflow_catwalk_spiral, minivault_27,
          nicolae_stop_n_shop_2, st_stairs_4

Skill      XL: |  1  2  3  4  5  6  7  8 |
---------------+-------------------------+-----
Transmutations | 3 4 5 |  5.4
Spellcasting   | 3 4 5 |  5.0
Poison Magic   | 1 2 3 4 5 |  5.2
Unarmed Combat | 4 5 |  5.8
Ice Magic      | 1 |  1.9
Fighting       | |  1.0
Dodging        | |  2.0

Action                   |  1- 3 |  4- 6 |  7- 9 || total
-------------------------+-------+-------+-------++-------
Melee: Unarmed           |    78 |   158 |   129 ||   365
       Constrict         |    19 |    26 |     7 ||    52
       Kick              |    21 |    24 |     8 ||    53
       Tentacles         |     9 |    19 |     4 ||    32
       Punch             |     5 |     2 |     1 ||     8
Throw: Dart              |     4 |     8 |    30 ||    42
 Cast: Beastly Appendage |    26 |    23 |     5 ||    54
       Wereblood         |       |     5 |     7 ||    12
       Spider Form       |       |     7 |    16 ||    23
  Use: Scroll            |       |     9 |       ||     9
       Potion            |       |     5 |     1 ||     6
 Stab: Sleeping          |     5 |     2 |       ||     7
       Distracted        |       |       |     1 ||     1
Armor: Skin              |    13 |    29 |     8 ||    50
Dodge: Dodged            |    48 |   111 |   110 ||   269

Table legend: (Time is in decaauts)
 A = Elapsed time spent in this place.
 B = Non-inter-level travel time spent in this place.
 C = Inter-level travel time spent in this place.
 D = Time resting spent in this place.
 E = Time spent auto-exploring this place.
 F = Levels seen in this place.
 G = Mean time per level.
                   A        B        C        D        E       F      G
               +--------+--------+--------+--------+--------+-----+--------+
         Total |   7560 |   7386 |    174 |   1493 |   4499 |   7 | 1080.0 |
       Dungeon |   7317 |   7143 |    174 |   1490 |   4370 |   6 | 1219.5 |
         Sewer |    242 |    242 |      0 |      3 |    129 |   1 |  242.0 |
               +--------+--------+--------+--------+--------+-----+--------+

Top non-repeatable levels by time:
     D:5: 2023 daAuts
     D:1: 1804 daAuts
     D:4: 1082 daAuts
     D:2: 1062 daAuts
     D:3: 975 daAuts
     D:6: 369 daAuts
   Sewer: 242 daAuts
